 Dungeon Crawl Stone Soup version 0.31-a0-1589-g8f5e8aebd6 (webtiles) character file.

Game seed: 16018276514106198537

161 zenocrate the Sneak (level 5, -4/24 HPs)
             Began as a Vine Stalker Enchanter on Jan 5, 2024.
             Killed by divine providence
             ... invoked by an orc priest
              (13 damage)
             ... on level 4 of the Dungeon.
             The game lasted 00:03:19 (2837 turns).

zenocrate the Sneak (Vine Stalker Enchanter)        Turns: 2837, Time: 00:03:20

Health: -4/24      AC:  6    Str: 11    XL:     5   Next: 42%
Magic:  0/9        EV: 12    Int: 15    God:
Gold:   110        SH:  0    Dex: 16    Spells: 3/8 levels left

rFire   . . .        a - +1 dagger
rCold   . . .        (no shield)
rNeg    . . .        b - +0 robe
rPois   .            s - +0 helmet
rElec   .            (no cloak)
rCorr   .            (no gloves)
SInv    +            n - +2 pair of boots {Fly}
Will    .....        (no amulet)
Stlth   +++          p - ring of see invisible
HPRegen 1.04/turn    (no ring)
MPRegen 0.11/turn

%: guardian spirit
@: flying
A: fangs 2, regeneration 1, magic shield, antimagic bite, no potion heal 2
a: no special abilities


You were on level 4 of the Dungeon.
You visited 1 branch of the dungeon, and saw 4 of its levels.

You collected 110 gold pieces.

Inventory:

Hand Weapons
 a - a +1 dagger (weapon)
Missiles
 d - 19 poisoned darts (quivered)
 h - 3 javelins
Armour
 b - a +0 robe (worn)
 n - a +2 pair of boots of flying (worn)
 s - a +0 helmet (worn)
Jewellery
 p - a ring of see invisible (left hand)
Wands
 v - a wand of flame (18)
Scrolls
 e - 2 scrolls of teleportation
 f - a scroll of blinking {unknown}
 j - 2 scrolls of fog {unknown}
 k - a scroll of amnesia {unknown}
 o - a scroll of enchant armour {unknown}
 t - a scroll of enchant weapon {unknown}
 u - a scroll of noise {unknown}
 w - a scroll of fear {unknown}
Potions
 c - 2 potions of invisibility
 g - a potion of enlightenment
 i - 3 potions of lignification
 l - 2 potions of curing
 m - 2 potions of degeneration {unknown}
 q - a potion of haste {unknown}
 r - a potion of heal wounds {unknown}


   Skills:
 * Level 2.8 Short Blades
 - Level 1.5 Dodging
 + Level 4.8 Stealth
 - Level 2.1 Spellcasting
 + Level 3.6 Hexes
 + Level 1.5 Ice Magic
 + Level 0.8 Evocations


You had 3 spell levels left.
You knew the following spells:

 Your Spells              Type           Power      Damage    Failure   Level
a - Ensorcelled Hibernat  Hex/Ice        18%        N/A       12%         2
b - Confusing Touch       Hex            12%        N/A       14%         3

Your spell library contained the following spells:

 Spells                   Type           Power      Damage    Failure   Level
 Tukima's Dance           Hex            12%        N/A       14%         3
 Apportation              Tloc           2%         N/A       22%         1
 Magic Dart               Conj           4%         1d3       22%         1
 Necrotise                Necr           4%         1d4       22%         1
 Sting                    Conj/Alch      4%         1d3       22%         1
 Summon Small Mammal      Summ           4%         N/A       22%         1
 Dazzling Flash           Conj/Hex       14%        N/A       30%         3
 Blink                    Tloc           2%         N/A       32%         2
 Call Imp                 Summ           2%         N/A       32%         2
 Passwall                 Erth           1%         N/A       54%         3
 Swiftness                Air            1%         N/A       54%         3
 Animate Armour           Summ/Erth      2%         N/A       91%         4
 Summon Lightning Spire   Summ/Air       1%         N/A       91%         4
 Lee's Rapid Deconstruct  Erth           0%         3d4*      99%         5


Dungeon Overview and Level Annotations

Branches:
Dungeon (4/15)
 Temple: D:4-7

Altars:

Annotations:
D:3 1 transporter, 1 runed translucent door, Laraso's ghost, amateur AtDe


Innate Abilities, Weirdness & Mutations

You have extremely sharp teeth.
Your natural rate of healing is unusually fast.
When hurt, damage is shared between your health and your magic reserves.
Your bite disrupts and absorbs the magic of your enemies.
Potions cannot restore your health.


Message History

A gnoll comes into view. It is wielding a +0 spear.
The gnoll shouts!
You hear a shout!
A gnoll comes into view. It is wielding a +0 club.
A gnoll comes into view. It is wielding a +0 vampiric spear.
The gnoll shouts! x2; You hear a shout!
There is an open door here.
A gnoll comes into view. It is wielding a +0 club.
The gnoll shouts!
There is an open door here.
The gnoll hits you from afar with a +0 spear.
Casting: Ensorcelled Hibernation (safe; 12% risk of failure)
Confirm with . or Enter, or press ? or * to list all spells.
Aiming: Ensorcelled Hibernation (safe; 12% risk of failure)
Press: ? - help, Shift-Dir - straight line, f - gnoll
Aim: a gnoll, wielding a +0 spear (chance to affect: 51%)
The gnoll resists with significant effort.
The gnoll hits you from afar with a +0 spear.
An orc comes into view. It is wielding a +2 dagger of freezing.
The gnoll hits you with a +0 spear.
The gnoll hits you from afar with a +0 vampiric spear!
You hit the gnoll. Your bite misses the gnoll.
The gnoll is lightly wounded.
The gnoll hits you with a +0 spear. The gnoll hits you with a +0 club.
* * * LOW HITPOINT WARNING * * *
The gnoll closely misses you.
An orc comes into view. It is wielding a +0 whip of flaming.
The gnoll hits you from afar with a +0 spear.
The orc throws a boomerang.
The boomerang barely misses you.
Unknown command.
An orc priest comes into view. It is wielding a +0 mace.
The orc priest shouts!
You hear a shout!
An orc comes into view. It is wielding a +0 short sword.
Unknown command.
Unknown command.
The gnoll attacks as it pursues you! The gnoll hits you with a +0 club.
Unknown command.
The orc priest mumbles some strange prayers to Beogh against you.
Beogh smites you!
Ouch! That really hurt!
You die...

.....#.........#....
.....#........##.o.#####
.....#........##.o.##..##
.....#.........#...gg...#
.....#...[.....#...g....#
.....#........##...###'#####..
.....#........##...##.........
.....#.........#g...#.........
.....#.....<...#@...#g..g.....
.....#........##....#.........
.....#........##....##.g...##+
.....#...............+.....+
.....#...............#.....#
.....#........##.....#.....#
.....#........##.....#
######...............#
.....#...............#


You could see an orc priest, 4 gnolls and an orc.

Vanquished Creatures
  A jelly (D:4)
  8 adders
  5 dart slugs
  5 ball pythons
  4 bats
  3 endoplasms
  9 hobgoblins
  4 jackals (D:2)
  3 kobolds
  A frilled lizard (D:2)
  5 goblins
  3 rats
51 creatures vanquished.

Notes
Turn   | Place    | Note
-------+----------+-------------------------------------------
     0 | D:1      | zenocrate the Vine Stalker Enchanter began the quest for
                  | the Orb.
     0 | D:1      | Reached XP level 1. HP: 9/9 MP: 4/4
    16 | D:1      | Reached skill level 1 in Short Blades
   104 | D:1      | Reached XP level 2. HP: 13/13 MP: 6/6
   107 | D:1      | Learned a level 2 spell: Ensorcelled Hibernation
   187 | D:1      | Reached skill level 4 in Stealth
   539 | D:1      | Reached XP level 3. HP: 16/16 MP: 5/7
   543 | D:1      | Learned a level 3 spell: Confusing Touch
  1345 | D:2      | Reached skill level 1 in Ice Magic
  1345 | D:2      | Reached XP level 4. HP: 21/21 MP: 8/8
  1666 | D:3      | Found a transporter.
  1684 | D:3      | Found a transporter.
  2029 | D:3      | Found a runed translucent door.
  2035 | D:3      | Noticed Laraso's ghost (amateur AtDe)
  2615 | D:4      | Reached XP level 5. HP: 24/24 MP: 9/9
  2837 | D:4      | Killed from afar by an orc priest

Illustrated notes

Levels and vault maps discovered:
D:1:      heliophobic_arrival_henge, layout_loops_cross
D:2:      layout_rooms, nicolae_hexahallways
D:3:      gammafunk_steamed_eel, layout_basic, ebering_ghost_sewer_d
D:4:      layout_gridville, serial_shops, nicolae_shop_mannequins

Skill      XL: |  1  2  3 |
---------------+----------+-----
Short Blades   | 1 2 |  2.8
Stealth        | 4 |  4.8
Ice Magic      | 1 |  1.5
Dodging        | |  1.5
Spellcasting   | |  2.1
Hexes          | |  3.6
Evocations     | |  0.8

Action                     |  1- 3 |  4- 6 || total
---------------------------+-------+-------++-------
  Melee: Dagger            |    75 |    47 ||   122
         Bite              |    18 |     6 ||    24
         Punch             |     1 |     1 ||     2
   Cast: Ensorcelled Hiber |     5 |    10 ||    15
    Use: Scroll            |     3 |     2 ||     5
   Stab: Sleeping          |    13 |    10 ||    23
         Distracted        |     1 |       ||     1
 Armour: Robe              |    38 |    36 ||    74
  Dodge: Dodged            |    47 |    25 ||    72

Table legend: (Time is in decaauts)
 A = Elapsed time spent in this place.
 B = Non-inter-level travel time spent in this place.
 C = Inter-level travel time spent in this place.
 D = Time resting spent in this place.
 E = Time spent auto-exploring this place.
 F = Levels seen in this place.
 G = Mean time per level.
                   A        B        C        D        E       F      G
               +--------+--------+--------+--------+--------+-----+--------+
         Total |   2824 |   2741 |     83 |    104 |   2167 |   4 |  706.0 |
       Dungeon |   2824 |   2741 |     83 |    104 |   2167 |   4 |  706.0 |
               +--------+--------+--------+--------+--------+-----+--------+

Top non-repeatable levels by time:
     D:3: 1023 daAuts
     D:2: 833 daAuts
     D:1: 738 daAuts
     D:4: 228 daAuts
